 Dungeon Sprint DCSS version 0.30-a0-718-geaa24f58ff (webtiles) character file.

Game seed: 12516295851383824996

2500000 CrazyBamboolord the Plane Walker (level 16, -11/195 HPs)
             Began as an Armataur Warper on Jan 25, 2023.
             Was a High Priest of Makhleb.
             Engulfed by a cloud of flame (15 damage)
             ... in the Dungeon (Sprint VIII: "Arena of Blood").
             The game lasted 00:01:20 (25 turns).

CrazyBamboolord the Plane Walker (Armataur Warper)    Turns: 25, Time: 00:01:21

Health: -11/195    AC:  4    Str: 24    XL:     16   Next: 93%
Magic:  8/45       EV:  9    Int: 14    God:    Makhleb [*****.]
Gold:   0          SH:  0    Dex: 10    Spells: 65/65 levels left

rFire   . . .      SeeInvis .    i - +∞ Axe of Woe
rCold   . . .      Faith    .    (shield currently unavailable)
rNeg    . . .      Spirit   .    a - +0 leather armour
rPois   .          Reflect  .    (no helmet)
rElec   .          Harm     .    (no cloak)
rCorr   .          Roll     +    (no gloves)
Will    +....      NoTele   +    (no barding)
Stlth   +                        (no amulet)
HPRegen 0.52/turn                (no ring)
MPRegen 0.29/turn                (no ring)

@: no status effects
A: large, rugged brown scales 3, deformed body, armoured tail, roll, long
tongue, awkward tongue
a: Renounce Religion, Minor Destruction, Lesser Servant of Makhleb, Major
Destruction, Greater Servant of Makhleb


You were in the Dungeon.
You worshipped Makhleb.
Makhleb was extremely pleased with you.
You visited 1 branch

Inventory:

Hand Weapons
 i - the +∞ Axe of Woe (weapon)
   (You found it in the Dungeon)
Missiles
 c - 6 boomerangs of dispersal (quivered)
Armour
 a - a +0 leather armour (worn)
Scrolls
 b - 2 scrolls of blinking
Potions
 d - a potion of curing
 e - a potion of heal wounds
 f - a potion of haste
 g - 2 potions of magic
 h - a potion of berserk rage


   Skills:
 O Level 27 Fighting
 * Level 20.6 Throwing
 - Level 1.2 Armour
 - Level 1.3 Dodging
 - Level 1.7 Unarmed Combat
 - Level 25.1 Spellcasting
 O Level 27 Translocations


You had 65 spell levels left.
You didn't know any spells.
Your spell library contained the following spells:

 Spells                   Type           Power      Damage    Failure   Level
 Blink                    Tloc           100%       N/A       0%          2
 Lesser Beckoning         Tloc           100%       N/A       0%          2
 Teleport Other           Tloc           75%        N/A       0%          3
 Manifold Assault         Tloc           75%        N/A       0%          4
 Vhi's Electric Charge    Tloc/Air       100%       N/A       1%          3


Dungeon Overview and Level Annotations

Branches:
Dungeon (1/1)

Altars:
Makhleb


Innate Abilities, Weirdness & Mutations

You are completely covered in rugged brown scales. (AC +3, +7% HP)
Armour fits poorly on your strangely shaped body.
You have a long armoured tail.
You roll when moving toward enemies. (Rampage)
Your long tongue fully drains potion bottles. (2x potion effects)
Your tongue gives you trouble enunciating. (1.5x scroll delay)


Message History

Things that are here:
a +9 heavy great sword; a +200 ring of slaying The bag of meat shouts!
You hit the meat berserker.
You chop the meat berserker into pieces.
You kill the meat berserker!
Makhleb accepts your kill.
You slash the meat berserker!
You hew the meat berserker savagely.
You kill the meat berserker!
Makhleb accepts your kill.
You can now summon a greater servant of Makhleb.
You feel better.
You hear a shout! x7
A bag of meat comes into view. It is wielding a +9 war axe. x5
You hear a shout! x5
The large bag of meat hits you with a +9 giant spiked club!!!
The large bag of meat hits you with a +9 giant spiked club!!!!
Ouch! That really hurt!
* * * LOW HITPOINT WARNING * * *
A bag of meat comes into view. It is wielding a +9 war axe. x2
You hear a shout! x3
The meat berserker rages.
A bag of meat comes into view. It is wielding a +9 war axe.
You have mastered Fighting!
Your Throwing skill gained 9 levels and is now at level 20!
The bag of meat shouts! x3
You slice the large bag of meat!!
Flame seeps out of the large bag of meat.
You dissect the large bag of meat like a pig carcass.
Makhleb accepts your kill.
You feel better.
The large bag of meat explodes!
The fiery explosion engulfs you!!!
* * * LOW HITPOINT WARNING * * *
The destroyer appears out of thin air!
A destroyer comes into view. It is wielding a +9 heavy great sword.
The destroyer appears out of thin air!
A destroyer comes into view. It is wielding a +9 heavy great sword.
You are engulfed in blazing flames.
You die... ........... oOo ........... ooo

....V.... .o.o
#..o....# .#.Oo
#.......# .
.o.oo###o.O. ..###..
.......§§§###.......
..#....§○§)_)V......
#......@#)))..#.....
........#_O<._# ...
#..o....#.....# .
..#.O......_......
o.o.....O.###......
.....###..o ..###..
..... #V.. ..# .
..... #... ..# ...
...


You could see 3 destroyers, 2 large bags of meat, 3 meat berserkers and 16 bags
of meat.

Vanquished Creatures
  A vampire knight (D)
  5 ogres (D)
  A two-headed ogre (D)
  9 orcs (D)
16 creatures vanquished.

Notes
Turn   | Place    | Note
-------+----------+-------------------------------------------
     0 | D        | Found the +∞ Axe of Woe
     0 | D        | CrazyBamboolord the Armataur Warper began the quest for the
                  | Orb.
     0 | D        | Reached XP level 1. HP: 18/18 MP: 3/3
     3 | D        | Became a worshipper of Makhleb the Destroyer
     5 | D        | Noticed a bag of meat
     5 | D        | Noticed a bag of meat
     6 | D        | Noticed a bag of meat
     7 | D        | Noticed a bag of meat
    10 | D        | Killed a bag of meat
    10 | D        | Noticed a meat berserker
    11 | D        | Reached skill level 10 in Spellcasting
    11 | D        | Reached XP level 2. HP: 39/39 MP: 3/13
    11 | D        | Reached XP level 3. HP: 47/47 MP: 3/15
    11 | D        | Reached XP level 4. HP: 53/53 MP: 3/16
    11 | D        | Reached XP level 5. HP: 60/60 MP: 3/18
    11 | D        | Reached XP level 6. HP: 68/68 MP: 3/19
    11 | D        | Reached XP level 7. HP: 74/74 MP: 3/21
    11 | D        | Reached XP level 8. HP: 83/83 MP: 3/22
    11 | D        | Reached XP level 9. HP: 89/89 MP: 3/23
    11 | D        | Reached XP level 10. HP: 97/97 MP: 3/24
    11 | D        | Killed a bag of meat
    11 | D        | Killed a bag of meat
    11 | D        | Reached * piety under Makhleb
    11 | D        | Noticed a bag of meat
    11 | D        | Noticed a bag of meat
    12 | D        | Reached XP level 11. HP: 92/111 MP: 3/28
    12 | D        | Reached XP level 12. HP: 98/119 MP: 3/29
    12 | D        | Killed a bag of meat
    12 | D        | Noticed a bag of meat
    13 | D        | Reached XP level 13. HP: 77/127 MP: 3/31
    13 | D        | Killed a meat berserker
    13 | D        | Reached ** piety under Makhleb
    13 | D        | Killed a bag of meat
    14 | D        | Reached skill level 27 in Translocations
    14 | D        | Reached XP level 14. HP: 71/149 MP: 4/36
    14 | D        | Killed a bag of meat
    14 | D        | Noticed a bag of meat
    14 | D        | Noticed a bag of meat
    15 | D        | Noticed a meat berserker
    15 | D        | Noticed a meat berserker
    15 | D        | Noticed a bag of meat
    15 | D        | Noticed a bag of meat
    16 | D        | Killed a meat berserker
    16 | D        | Reached *** piety under Makhleb
    17 | D        | Killed a bag of meat
    18 | D        | Reached XP level 15. HP: 86/167 MP: 5/41
    18 | D        | Killed a meat berserker
    18 | D        | Noticed a large bag of meat
    19 | D        | Reached **** piety under Makhleb
    19 | D        | Noticed a meat berserker
    20 | D        | Noticed a destroyer
    20 | D        | Noticed a meat berserker
    21 | D        | Noticed a meat berserker
    21 | D        | Noticed a large bag of meat
    22 | D        | Killed a destroyer
    23 | D        | Reached XP level 16. HP: 156/193 MP: 8/45
    23 | D        | Noticed a large bag of meat
    23 | D        | Noticed a meat berserker
    23 | D        | Noticed a meat berserker
    23 | D        | Noticed a destroyer
    24 | D        | Noticed a meat berserker
    24 | D        | Killed a meat berserker
    24 | D        | Killed a meat berserker
    24 | D        | Reached ***** piety under Makhleb
    25 | D        | Reached skill level 27 in Fighting
    25 | D        | Killed a large bag of meat
    25 | D        | HP: 4/195 [spore (42)]
    25 | D        | Engulfed by a cloud of flame

Illustrated notes

Levels and vault maps discovered:
D:        meatsprint

Skill      XL: |  1  2  3  4  5  6  7  8  9 10 11 12 13 14 15 16 |
---------------+-------------------------------------------------+-----
Fighting       | 9 12 17 20 26 27 | 27.0
Spellcasting   | 10 13 14 18 22 25 | 25.1
Translocations | 20 25 26 27 | 27.0
Throwing       | 11 20 | 20.6
Armour         | |  1.2
Dodging        | |  1.3
Unarmed Combat | |  1.7

Action                     |  1- 3 |  4- 6 |  7- 9 | 10-12 | 13-15 | 16-18 || total
---------------------------+-------+-------+-------+-------+-------+-------++-------
  Melee: Executioner's axe |     1 |       |       |     2 |     7 |     2 ||    12
  Throw: Boomerang         |       |       |       |       |     1 |       ||     1

Table legend: (Time is in decaauts)
 A = Elapsed time spent in this place.
 B = Non-inter-level travel time spent in this place.
 C = Inter-level travel time spent in this place.
 D = Time resting spent in this place.
 E = Time spent auto-exploring this place.
 F = Levels seen in this place.
 G = Mean time per level.
                   A        B        C        D        E       F      G
               +--------+--------+--------+--------+--------+-----+--------+
         Total |     34 |     34 |      0 |      0 |      0 |   1 |   34.0 |
       Dungeon |     34 |     34 |      0 |      0 |      0 |   1 |   34.0 |
               +--------+--------+--------+--------+--------+-----+--------+

Top non-repeatable levels by time:
       D: 34 daAuts
